 Dungeon Sprint DCSS version 0.26-a0-757-g626ac9e51a (webtiles) character file.

Game seed: 16551888885545622331

1036 sahdkjhfkaj the Fighter (level 8, 0/151 HPs)
             Began as an Ogre Ice Elementalist on Nov 8, 2020.
             Was a Follower of Ashenzari.
             Slain by a lindwurm (8 damage)
             ... in the Dungeon (Sprint VII: "The Pits").
             The game lasted 00:03:55 (1647 turns).

sahdkjhfkaj the Fighter (Ogre Ice Elementalist)     Turns: 1647, Time: 00:03:56

Health: 0/151      AC:  3    Str: 15      XL:     8   Next: 24%
Magic:  15/15      EV: 10    Int: 16      God:    Ashenzari [*.....]
Gold:   0          SH:  0    Dex:  7 (9)  Spells: 13/17 levels left

rFire    . . .     SeeInvis .     - Unarmed
rCold    . . .     Faith    .   (no shield)
rNeg     . . .     Spirit   .   a - +0 robe
rPois    .         Reflect  .   (helmet restricted)
rElec    .         Harm     .   (no cloak)
rCorr    .         Rampage  .   (gloves unavailable)
MR       .....     NoTele   +   (boots unavailable)
Stlth    ..........             (no amulet)
HPRegen  0.35/turn              (no ring)
MPRegen  0.14/turn              (no ring)

@: berserking, very slightly contaminated, invisible, very quick
A: large, unfitting armour, tough skin 1
a: Curse Item, Scrying, Renounce Religion


You were in the Dungeon.
You worshipped Ashenzari.
Ashenzari was aware of your devotion.
You visited 1 branch

Inventory:

Armour
 a - a +0 robe (worn)
Scrolls
 h - a scroll of blinking {!r}
 i - 3 scrolls of remove curse {!r}
 j - 5 scrolls of amnesia {!r}
Potions
 b - a potion of invisibility {!q}
 c - 6 potions of curing {!q}
 d - 3 potions of heal wounds {!q}
 e - a potion of haste {!q}
 f - 4 potions of magic {!q}


   Skills:
 + Level 12.4 Fighting
 - Level 1.7 Dodging
 - Level 1.4 Stealth
 + Level 9.0 Unarmed Combat
 - Level 5.0 Spellcasting
 - Level 10.0 Ice Magic


You had 13 spell levels left.
You knew the following spells:

 Your Spells              Type           Power        Failure   Level
a - Freeze                Ice            ####         1%          1
e - Frozen Ramparts       Ice            #####.       1%          3

Your spell library contained the following spells:

 Spells                   Type           Power        Failure   Level
 Ozocubu's Armour         Ice            #####...     1%          3
 Hailstorm                Conj/Ice       ###.....     19%         4
 Summon Ice Beast         Ice/Summ       ###.....     19%         4


Dungeon Overview and Level Annotations

Branches:
Dungeon (1/1)

Altars:
Ashenzari
Cheibriados
Dithmenos
Elyvilon
Fedhas
Gozag
Hepliaklqana
Kikubaaqudgha
Makhleb
Nemelex Xobeh
Okawaru
Qazlal
Ru
Sif Muna
Trog
Uskayaw
Vehumet
Wu Jian
Xom
Yredelemnul
Zin
The Shining One
Beogh
Jiyva
Lugonu


Innate Abilities, Weirdness & Mutations

You are too large for most types of armour.
You have tough skin. (AC +1)


Message History

The lindwurm barely misses you.
Really quaff
g - a potion of berserk rage {!q}?
A red film seems to cover your vision as you go berserk!
You feel yourself moving faster!
You feel mighty!
The merfolk hits you from afar with a +0 trident!!
* * * LOW HITPOINT WARNING * * *
The lindwurm breathes flames at you. The blast of flame misses you.
You barely miss the lindwurm.
The lindwurm is lightly wounded.
The lindwurm bites you!
* * * LOW HITPOINT WARNING * * *
The lindwurm closely misses you. The lindwurm claws you.
* * * LOW HITPOINT WARNING * * *
You punch the lindwurm!
The lindwurm is moderately wounded.
You punch the lindwurm!
The lindwurm is heavily wounded.
The lindwurm barely misses you. The lindwurm claws you!
You die...

#.#..'..)#.##.......#
#.#..†...')##.......#
#.#.†########...<...#
#.#..'.)))[##.......#
#.#..#.)))[##.......#
#'###########.......#
#..(()(.#..##########
#..#)#..#.## ###
#.##)##.#@# ...#
#.......#k#.S..#
#.##.##.#(S....+
#..#.#..#m#....#
#.......')#....#
########### ####


You could see a merfolk, a lindwurm and a ball python.

Vanquished Creatures
  A troll (D)
  A water moccasin (D)
  A floating eye (D)
  A black bear (D)
  A centaur (D)
  A bullfrog (D)
  2 wights (D)
  2 crimson imps (D)
  A quasit (D)
  An orc priest (D)
  A hound (D)
  A jelly (D)
  A worker ant (D)
  A gnoll (D)
  A leopard gecko (D)
  5 orcs (D)
  A goblin (D)
  A bat (D)
  A giant cockroach zombie (D)
  A leopard gecko skeleton (D)
26 creatures vanquished.

Vanquished Creatures (collateral kills)
  2 wights (D)
2 creatures vanquished.

Grand Total: 28 creatures vanquished

Notes
Turn   | Place    | Note
-------+----------+-------------------------------------------
     0 | D        | sahdkjhfkaj the Ogre Ice Elementalist began the quest for
                  | the Orb.
     0 | D        | Reached XP level 1. HP: 16/16 MP: 3/3
    46 | D        | Found a bloodstained altar of Trog.
    46 | D        | Found a shimmering blue altar of Sif Muna.
    46 | D        | Found a viscous altar of Jiyva.
    46 | D        | Found a hazy altar of Hepliaklqana.
    46 | D        | Found an opulent altar of Gozag.
    47 | D        | Found a glowing golden altar of the Shining One.
    47 | D        | Found a glowing silver altar of Zin.
    47 | D        | Found a basalt altar of Yredelemnul.
    47 | D        | Found a shimmering altar of Xom.
    47 | D        | Found an ornate altar of the Wu Jian Council.
    47 | D        | Found a sacrificial altar of Ru.
    47 | D        | Found a stormy altar of Qazlal.
    47 | D        | Found an iron altar of Okawaru.
    47 | D        | Found a sparkling altar of Nemelex Xobeh.
    47 | D        | Found a burning altar of Makhleb.
    47 | D        | Found a blossoming altar of Fedhas.
    47 | D        | Found a white marble altar of Elyvilon.
    47 | D        | Found a shadowy altar of Dithmenos.
    47 | D        | Found a snail-covered altar of Cheibriados.
    48 | D        | Found a radiant altar of Vehumet.
    48 | D        | Found a corrupted altar of Lugonu.
    48 | D        | Found a roughly hewn altar of Beogh.
    49 | D        | Found an ancient bone altar of Kikubaaqudgha.
    49 | D        | Found a hide-covered altar of Uskayaw.
    49 | D        | Found a broken altar of Ashenzari.
    57 | D        | Became a worshipper of Ashenzari the Shackled
    92 | D        | Noticed a floating eye
    95 | D        | Paralysed by a floating eye for 2 turns
   100 | D        | Reached skill level 1 in Fighting
   100 | D        | Paralysed by a floating eye for 4 turns
   106 | D        | Killed a floating eye
   106 | D        | Reached skill level 7 in Fighting
   106 | D        | Reached skill level 5 in Unarmed Combat
   106 | D        | Reached XP level 2. HP: 22/41 MP: 5/5
   106 | D        | Reached XP level 3. HP: 26/48 MP: 6/6
   106 | D        | Reached XP level 4. HP: 31/57 MP: 7/7
   294 | D        | Learned a level 3 spell: Frozen Ramparts
   297 | D        | Reached skill level 8 in Fighting
   422 | D        | Reached XP level 5. HP: 63/63 MP: 7/11
   429 | D        | Reached skill level 5 in Spellcasting
   509 | D        | Reached XP level 6. HP: 13/72 MP: 11/13
   978 | D        | Reached * piety under Ashenzari
   980 | D        | Noticed a black bear
   990 | D        | Killed a black bear
   990 | D        | Reached skill level 10 in Ice Magic
   990 | D        | Reached XP level 7. HP: 33/81 MP: 11/14
   991 | D        | Reached skill level 9 in Fighting
  1004 | D        | Reached skill level 10 in Fighting
  1311 | D        | Noticed a troll
  1316 | D        | Killed a troll
  1316 | D        | Reached skill level 11 in Fighting
  1542 | D        | Reached XP level 8. HP: 88/98 MP: 11/15
  1545 | D        | Reached skill level 12 in Fighting
  1627 | D        | Noticed a lindwurm
  1627 | D        | Noticed a merfolk
  1645 | D        | HP: 7/151 [lindwurm (5)]
  1647 | D        | Slain by a lindwurm

Illustrated notes

Levels and vault maps discovered:
D:        pitsprint [storerooms_1, entrance_room_1, metal_vault_5, armoury_3,
          mini_pit_1, grid_room_1, main_hall_1, silver_pit, the_coven_3,
          the_vestibule_1, steel_vault_4, golden_pit, hallway_of_sentries,
          crystal_vault_1, iron_vault_2, final_vault]

Skill      XL: |  1  2  3  4  5  6  7  8 |
---------------+-------------------------+-----
Fighting       | 7 8 11 12 | 12.4
Unarmed Combat | 5 6 8 9 |  9.0
Spellcasting   | 4 5 |  5.0
Ice Magic      | 4 7 10 | 10.0
Dodging        | |  1.7
Stealth        | |  1.4

Action                   |  1- 3 |  4- 6 |  7- 9 || total
-------------------------+-------+-------+-------++-------
Melee: Unarmed           |    24 |    35 |    35 ||    94
       Punch             |       |     2 |     1 ||     3
 Cast: Frozen Ramparts   |       |     4 |     4 ||     8
  Use: Potion            |     1 |     1 |     5 ||     7
       Scroll            |       |     1 |       ||     1
 Stab: Sleeping          |       |       |     1 ||     1
Armor: Robe              |     7 |     2 |    16 ||    25
Dodge: Dodged            |     8 |    17 |    32 ||    57

Table legend: (Time is in decaauts)
 A = Elapsed time spent in this place.
 B = Non-inter-level travel time spent in this place.
 C = Inter-level travel time spent in this place.
 D = Time resting spent in this place.
 E = Time spent auto-exploring this place.
 F = Levels seen in this place.
 G = Mean time per level.
                   A        B        C        D        E       F      G
               +--------+--------+--------+--------+--------+-----+--------+
         Total |   1661 |   1641 |     20 |   1339 |      0 |   1 | 1661.0 |
       Dungeon |   1661 |   1641 |     20 |   1339 |      0 |   1 | 1661.0 |
               +--------+--------+--------+--------+--------+-----+--------+

Top non-repeatable levels by time:
       D: 1661 daAuts
